[Event "*** Titled Tuesday Blitz"]
[Site "Chess.com"]
[Date "2020.10.20"]
[Round "4"]
[White "Vandros57"]
[Black "AurumO"]
[Result "1/2-1/2"]
[WhiteElo "2190"]
[BlackElo "1952"]
[TimeControl "180+1"]
[EndTime "10:40:51 PDT"]
[Termination "Game drawn by agreement"]

1. d4 d5 2. Nf3 Nf6 3. c4 e6 4. Nc3 Be7 5. Bg5 O-O 6. e3 c5 7. cxd5 exd5 8. dxc5 Bxc5 9. Be2 Be6 10. O-O Nc6 11. Rc1 Bb6 12. a3 h6 13. Bh4 Qe7 14. h3 Rfd8 15. Re1 d4 16. exd4 Nxd4 17. Nxd4 Rxd4 18.
Bxf6 Qxf6 19. Qc2 Rc8 20. Bf3 Bf5 21. Qe2 Bd3 22. Qe7 Qg6 23. Qxb7 Rcd8 24. Rcd1 Bf5 25.
Kh1 Rd2 26. Rxd2 Rxd2 27. Be4 Rxf2 28. Qa8+ Kh7 29. Bxf5 Qxf5 30. Qe4 Qxe4 31. Rxe4 Rxb2 32. Re7 Kg6 33. Nd5 Rb3 34. Nxb6 Rxb6 35. Rxa7 Rb1+ 36. Kh2 Ra1 1/2-1/2

[Event "*** Titled Tuesday Blitz"]
[Site "Chess.com"]
[Date "2020.10.20"]
[Round "4"]
[White "aloe_normansen"]
[Black "PawnEatingZombie"]
[Result "1-0"]
[WhiteElo "2339"]
[BlackElo "2162"]
[TimeControl "180+1"]
[EndTime "10:40:52 PDT"]
[Termination "aloe_normansen won by resignation"]

1. e4 c6 2. d4 d5 3. e5 Bf5 4.
Nf3 e6 5. Be2 Nd7 6. O-O Bg6 7.
Be3 Nh6 8. a4 Nf5 9. Bg5 Be7 10.
Bxe7 Qxe7 11. a5 a6 12. Nbd2 O-O 13. Nb3 c5 14. dxc5 Nxc5 15. Nbd4 Nxd4 16. Nxd4 Rac8 17. f4 Be4 18. Bf3 Qc7 19. Qe2 Bxf3 20. Rxf3 Ne4 21. Rh3 Qc4 22. Qd1 Rc7 23. c3 Qc5 24. Qh5 h6 25. Qg4 Kh7 26. f5 exf5 27. Qxf5+ Kg8 28. Rf1 Ng5 29. Rg3 Ne6 30. Qg4 g6 31. Kh1 Nxd4 32.
cxd4 Qe7 33. h4 Rc6 34. h5 Kh7 35. Rf4 gxh5 36. Qf5+ Rg6 37. Rxg6 fxg6 38. Qxf8 1-0

[Event "*** Titled Tuesday Blitz"]
[Site "Chess.com"]
[Date "2020.10.20"]
[Round "4"]
[White "Firouzja2003"]
[Black "Guriempire"]
[Result "1-0"]
[WhiteElo "3011"]
[BlackElo "2802"]
[TimeControl "180+1"]
[EndTime "10:40:53 PDT"]
[Termination "Firouzja2003 won by resignation"]

1. f4 f5 2. Nf3 Nf6 3. g3 b6 4. Bg2 Bb7 5. O-O e6 6. d3 Bc5+ 7. e3 O-O 8. Nc3 Bb4 9. Kh1 Bxc3 10. bxc3 Qe7 11. c4 d6 12. Bb2 Nbd7 13. Qd2 Nc5 14.
Rae1 Rae8 15. h3 Qf7 16. Kh2 Qh5 17. Nd4 Bxg2 18. Qxg2 Qf7 19. g4 Qd7 20. gxf5 exf5 21. Rg1 Rf7 22. Qg5 Ne6 23. Qxf5 Nxd4 24. Qxd7 Nxd7 25.
Bxd4 Nc5 26. f5 Nd7 27. e4 Ne5 28. Rg3 Kf8 29. Kg2 Ree7 30. Rf1 Rf6 31. Rf4 Rh6 32. Be3 Nd7 33. Rfg4 Rh5 34. Bd4 Ne5 35. Bxe5 dxe5 36. Kf3 Rh6 37. Ke3 Rd6 38. Rh4 Kg8 39. Rhg4 Kf8 40.
Kd2 Red7 41. Kc3 Rh6 42. h4 Rhd6 43. Rg1 Rh6 44. a4 Rc6 45. Rb1 Rc5 46. Rb5 c6 47.
Rb1 Ra5 48. Kb4 Rf7 49. h5 c5+ 50. Kb3 h6 51. Rg6 Rf6 52. Rxf6+ gxf6 53. Rg1 a6 54. Rg6 Kf7 55. Rxh6 b5 56. axb5 axb5 57. Rg6 b4 58. h6 Ra1 59. Rg7+ Kf8 60. Rc7 Rb1+ 61. Ka4 Rh1 62. h7 1-0

[Event "*** Titled Tuesday Blitz"]
[Site "Chess.com"]
[Date "2020.10.20"]
[Round "4"]
[White "bakki78"]
[Black "GOGIEFF"]
[Result "0-1"]
[WhiteElo "2733"]
[BlackElo "2890"]
[TimeControl "180+1"]
[EndTime "10:40:53 PDT"]
[Termination "GOGIEFF won by checkmate"]

1. e4 a6 2. d4 b5 3. Bd3 Bb7 4. Qe2 e6 5. Nf3 c5 6. c3 Nf6 7. O-O Be7 8. a4 bxa4 9. Rxa4 O-O 10. e5 Nd5 11. dxc5 f5 12. exf6 Nxf6 13. Rh4 Bxc5 14.
Bg5 h6 15. Bxh6 gxh6 16. Rxh6 Rf7 17. Ng5 Rg7 18. h4 Nc6 19. Nd2 Be7 20. Ndf3 Qc7 21. Nxe6 dxe6 22. Qxe6+ Kf8 23. Ng5 Ne5 24. Rxf6+ Bxf6 25. Qxf6+ Kg8 26. Bf5 Bd5 27. Re1 Re8 28. c4 Qxc4 29.
Rxe5 Qc1+ 30. Kh2 Qf4+ 31. g3 Qxf2+ 32. Kh3 Bg2+ 33. Kg4 Qf3# 0-1

[Event "*** Titled Tuesday Blitz"]
[Site "Chess.com"]
[Date "2020.10.20"]
[Round "4"]
[White "Keures"]
[Black "sbouchet"]
[Result "1-0"]
[WhiteElo "2304"]
[BlackElo "2417"]
[TimeControl "180+1"]
[EndTime "10:40:54 PDT"]
[Termination "Keures won on time"]

1. d4 Nf6 2. c4 d6 3. Nc3 Nbd7 4.
Nf3 g6 5. e4 Bg7 6. h3 e5 7. d5 O-O 8. Be3 Ne8 9. g4 a5 10.
Qc2 Nc5 11. Rg1 Kh8 12. g5 f5 13. gxf6 Nxf6 14. O-O-O Nh5 15. Ng5 Nf4 16. h4 h6 17.
Ne6 Ncxe6 18. dxe6 Bxe6 19. Nd5 Bxd5 20. cxd5 Kh7 21.
Rg4 h5 22. Rg5 Bh6 23. Rg3 Qxh4 24. Qxc7+ Kh8 25. Qxd6 Ra6 26. Qa3 Rd8 27. Kb1 Qf6 28.
Bxa6 bxa6 29. Qxa5 h4 30. Rg4 h3 31. Qb6 Qxb6 32.
Bxb6 Rb8 33. Be3 1-0

[Event "*** Titled Tuesday Blitz"]
[Site "Chess.com"]
[Date "2020.10.20"]
[Round "4"]
[White "Onischuk_V"]
[Black "C_K_G"]
[Result "0-1"]
[WhiteElo "2776"]
[BlackElo "2119"]
[TimeControl "180+1"]
[EndTime "10:40:55 PDT"]
[Termination "C_K_G won by checkmate"]

1. e4 c5 2. Nc3 d6 3. Nge2 e6 4.
g3 Nc6 5. Bg2 Be7 6. O-O Nf6 7.
d3 O-O 8. f4 a6 9. h3 Qc7 10. g4 h6 11. Ng3 Nh7 12. Nce2 Nd4 13. c3 Nxe2+ 14. Qxe2 Rb8 15. Be3 b5 16. d4 cxd4 17.
cxd4 Bb7 18. Rac1 Qd8 19. Qd2 Bh4 20. Kh2 Rc8 21. Rxc8 Qxc8 22. Ne2 Qd7 23. Rc1 Nf6 24. Qd3 Rc8 25. Rxc8+ Qxc8 26. Nc3 b4 27. Nb1 Qa8 28. Nd2 Be1 29. g5 Bxd2 30. gxf6 Bxe3 31. Qxe3 gxf6 32. f5 exf5 33. Qg3+ Kh7 34. Qxd6 Bxe4 35.
Qxf6 Qd5 36. Bf1 Qxa2 37. Kg3 Qb3+ 38. Kf4 Qf3+ 39. Ke5 Qg3# 0-1

[Event "*** Titled Tuesday Blitz"]
[Site "Chess.com"]
[Date "2020.10.20"]
[Round "4"]
[White "PavelShkapenko"]
[Black "MITerryble"]
[Result "1/2-1/2"]
[WhiteElo "2705"]
[BlackElo "2890"]
[TimeControl "180+1"]
[EndTime "10:40:56 PDT"]
[Termination "Game drawn by repetition"]

1. e4 e6 2. d4 d5 3. exd5 exd5 4. Nf3 Nc6 5. h3 Bd6 6. c4 Nf6 7. c5 Be7 8. Bb5 O-O 9. Bxc6 bxc6 10. O-O Nd7 11. Qa4 Bb7 12. Re1 Bf6 13. Bf4 Re8 14. Nbd2 Rxe1+ 15. Rxe1 Nf8 16. Be5 Be7 17. Nb3 Qd7 18. Na5 Rb8 19. Nxb7 Rxb7 20. b3 Ne6 21. Qa6 Nd8 22. Bg3 f6 23. Re2 Bf8 24. Qd3 Rb8 25. Nd2 Ne6 26. Nf3 Nd8 27. Bf4 Rb4 28. Bd2 Rb8 29. Qa6 Rb7 30. b4 Kf7 31. a4 Qf5 32. b5 Qd3 33. Re3 Qb1+ 34. Re1 Qd3 35. Re3 Qb1+ 36. Re1 Qd3 37. Re3 1/2-1/2

[Event "*** Titled Tuesday Blitz"]
[Site "Chess.com"]
[Date "2020.10.20"]
[Round "4"]
[White "giantslayer83"]
[Black "MrChampion_Coach"]
[Result "1-0"]
[WhiteElo "2702"]
[BlackElo "2360"]
[TimeControl "180+1"]
[EndTime "10:40:56 PDT"]
[Termination "giantslayer83 won by checkmate"]

1. d4 Nf6 2. Bg5 e6 3. Nd2 d5 4. e3 c5 5. c3 Nc6 6. Ngf3 h6 7. Bh4 Be7 8. Bd3 Qb6 9. Rb1 O-O 10. O-O Re8 11.
Qe2 a6 12. dxc5 Qxc5 13. e4 Nh5 14. Bg3 Nxg3 15. hxg3 Bd7 16. Nb3 Qb6 17. e5 Na5 18.
Nbd4 Bf8 19. g4 Qd8 20. g3 Nc6 21. Kg2 Nxd4 22. cxd4 Bb5 23. g5 hxg5 24. Rh1 g6 25. Bxb5 axb5 26. Qe3 g4 27. Nh2 f5 28. exf6 Qxf6 29.
Nxg4 Qf5 30. Rh4 Qxb1 31. Nf6+ Kf7 32. Rh7+ Bg7 33. Qf4 Qf5 34. Qc7+ Re7 35. Rxg7+ Kxg7 36. Qxe7+ Kh6 37. Qh7+ Kg5 38. Qh4# 1-0

[Event "*** Titled Tuesday Blitz"]
[Site "Chess.com"]
[Date "2020.10.20"]
[Round "4"]
[White "poppy73"]
[Black "margarita_2703"]
[Result "0-1"]
[WhiteElo "2225"]
[BlackElo "2410"]
[TimeControl "180+1"]
[EndTime "10:40:57 PDT"]
[Termination "margarita_2703 won on time"]

1. e4 Nf6 2. e5 Nd5 3. d4 d6 4.
c4 Nb6 5. exd6 exd6 6. Nc3 Be7 7. Be3 O-O 8. Bd3 Re8 9. Nge2 d5 10. c5 Nc4 11. Bxc4 dxc4 12. O-O b6 13. Qa4 Ba6 14.
Rad1 c6 15. d5 b5 16. Qc2 Qa5 17. d6 Bf6 18. Ne4 Bd8 19. a3 Bc8 20. Nd4 Bd7 21. Bd2 Qa6 22. Rfe1 Qc8 23. Ng5 Bxg5 24. Bxg5 a5 25.
Qd2 Na6 26. Rxe8+ Qxe8 27. Re1 Qc8 28. b4 cxb3 29. Nxb3 a4 30. Nd4 Nxc5 31. Re7 Qf8 32. Qf4 f6 33. Bxf6 Qxf6 34. Qc1 Qxd4 35. g3 Qxd6 36.
Re3 Rd8 0-1

[Event "*** Titled Tuesday Blitz"]
[Site "Chess.com"]
[Date "2020.10.20"]
[Round "4"]
[White "xberli"]
[Black "paulrusan"]
[Result "1-0"]
[WhiteElo "2564"]
[BlackElo "2224"]
[TimeControl "180+1"]
[EndTime "10:40:58 PDT"]
[Termination "xberli won by resignation"]

1. e4 g6 2. d4 Bg7 3. Nc3 d6 4. h4 h5 5. Bg5 a6 6. Qd2 b5 7. Nf3 Bb7 8. a3 Nd7 9. O-O-O c5 10. Qe3 cxd4 11. Nxd4 Ngf6 12. f3 O-O 13. Bh6 Rc8 14.
Bxg7 Kxg7 15. g4 Ne5 16. gxh5 Nxh5 17. Rg1 e6 18. f4 Nc4 19. Bxc4 Rxc4 20. f5 Qxh4 21.
fxg6 Qf4 22. gxf7+ Kxf7 23. Rgf1 Ke7 24. Rxf4 Nxf4 25.
e5 d5 26. Nde2 Nxe2+ 27. Nxe2 Kd7 28. Nd4 Rfc8 29. Qg5 Kc7 30. Nxe6+ Kb8 31. Nd4 a5 32. e6 b4 33. axb4 axb4 34. e7 b3 35. Qe5+ Ka8 36. e8=Q bxc2 37. Qxc8+ Rxc8 38. Nxc2 1-0

[Event "*** Titled Tuesday Blitz"]
[Site "Chess.com"]
[Date "2020.10.20"]
[Round "4"]
[White "kidagent"]
[Black "TigranMukhutdinov"]
[Result "0-1"]
[WhiteElo "2297"]
[BlackElo "2524"]
[TimeControl "180+1"]
[EndTime "10:40:58 PDT"]
[Termination "TigranMukhutdinov won by resignation"]

1. e4 c5 2. Nf3 Nc6 3. d4 cxd4 4. Nxd4 e5 5. Nb5 d6 6. N1c3 a6 7. Na3 b5 8. Nd5 Nce7 9. c4 Nxd5 10. cxd5 f5 11. Bd3 fxe4 12. Bxe4 Nf6 13. Bf3 Be7 14. O-O O-O 15. Nc2 a5 16. Bg5 Nd7 17. Bxe7 Qxe7 18. Qe2 b4 19. Rfe1 Ba6 20. Qd2 Rac8 21. Ne3 Rxf3 22. gxf3 Qg5+ 23. Kh1 Qf4 24. Qd1 Nc5 25. Rg1 Nd3 26. Rg2 Nxb2 27. Qd2 Nd3 28. Rg3 Rc3 29.
Kg2 Qd4 30. Rd1 Nf4+ 31. Kh1 Rd3 32. Qe1 g6 33. Rxd3 Nxd3 34. Qg1 Kf7 35. Rg4 Qb2 36.
Kg2 Nf4+ 37. Kh1 Nh3 38. Qe1 Nxf2+ 39. Kg1 Nxg4 40. Nxg4 Qd4+ 41. Kg2 h5 42. Ne3 a4 43.
Qc1 Kf6 44. Nf1 Bc4 45. Nd2 Bxd5 46. Kg3 b3 47. axb3 axb3 48. Nxb3 Qf4+ 49. Qxf4+ exf4+ 50. Kxf4 Bxb3 0-1

[Event "*** Titled Tuesday Blitz"]
[Site "Chess.com"]
[Date "2020.10.20"]
[Round "4"]
[White "TigrVShlyape"]
[Black "Pultis"]
[Result "1-0"]
[WhiteElo "2874"]
[BlackElo "2673"]
[TimeControl "180+1"]
[EndTime "10:40:59 PDT"]
[Termination "TigrVShlyape won on time"]

1. d4 Nf6 2. Nf3 g6 3. Bg5 Bg7 4. Nbd2 d5 5. e3 O-O 6. c3 Nbd7 7. Be2 Re8 8. O-O e5 9. b4 c6 10. a4 e4 11. Ne1 h6 12. Bh4 Nf8 13. h3 g5 14. Bg3 Ng6 15. Nc2 Bf5 16. b5 Kh7 17.
Nb4 Rc8 18. Nb3 Qe7 19. bxc6 bxc6 20. Nc5 Nd7 21. Nba6 Nf6 22. Rb1 Rh8 23. Rb7 Qf8 24. f3 Re8 25. fxe4 Bxe4 26. Rxa7 Kg8 27. Nd7 Nxd7 28.
Rxd7 f5 29. Bh5 Re6 30. Nc5 Rf6 31. Nxe4 dxe4 32. Qb3+ Kh7 33. Be5 Nh4 34. Bxf6 Qxf6 35. Qf7 Qxf7 36. Bxf7 Ra8 37. Be6 Kg6 38. Rd6 Bf6 39.
Rxc6 Rxa4 40. Rc5 f4 41. exf4 e3 42. f5+ Kg7 43. Rc7+ Kh8 44. Rf7 e2 45. Re1 1-0

[Event "*** Titled Tuesday Blitz"]
[Site "Chess.com"]
[Date "2020.10.20"]
[Round "4"]
[White "vugarrasulov"]
[Black "Goryachkina"]
[Result "1-0"]
[WhiteElo "2861"]
[BlackElo "2660"]
[TimeControl "180+1"]
[EndTime "10:40:59 PDT"]
[Termination "vugarrasulov won by resignation"]

1. b3 d5 2. Bb2 c6 3. Nf3 Bf5 4. e3 e6 5. c4 Nf6 6. Nc3 h6 7. Be2 Be7 8. O-O O-O 9. d4 Nbd7 10. h3 a5 11. Bd3 Bxd3 12. Qxd3 Bb4 13. Qc2 Qe7 14.
a3 Bxc3 15. Bxc3 Ne4 16. Bb2 a4 17. b4 b5 18. c5 f5 19. Ne1 g5 20. Nd3 h5 21.
Bc3 Rae8 22. Be1 h4 23. f3 Ng3 24. Bxg3 hxg3 25. e4 f4 26. Rae1 Qg7 27. Qb2 Re7 28. Re2 Rfe8 29. Rfe1 e5 30. exd5 exd4 31. dxc6 Ne5 32.
Nxe5 Rxe5 33. Kf1 Rxe2 34. Rxe2 Rxe2 35. Qxe2 d3 36. Qe8+ Kh7 37. Qd7 1-0

[Event "*** Titled Tuesday Blitz"]
[Site "Chess.com"]
[Date "2020.10.20"]
[Round "4"]
[White "anon569"]
[Black "AntonovaNadezhda"]
[Result "0-1"]
[WhiteElo "2258"]
[BlackElo "2084"]
[TimeControl "180+1"]
[EndTime "10:40:59 PDT"]
[Termination "AntonovaNadezhda won on time"]

1. e4 c5 2. Nf3 d6 3. d4 cxd4 4. Nxd4 Nf6 5. Nc3 a6 6. Bg5 Nbd7 7. f4 Qc7 8. Qf3 h6 9. Bxf6 Nxf6 10. f5 Qc5 11. O-O-O g5 12. Be2 Bg7 13. h4 g4 14.
Qg3 h5 15. Nb3 Qc7 16. Kb1 b5 17. Rhe1 Bb7 18. Nd5 Bxd5 19. exd5 Nd7 20. Qe3 Ne5 21. Qe4 Bf6 22. g3 O-O 23. Nd4 Rfc8 24. Rd2 Qc5 25. Red1 b4 26. Bf1 a5 27. Ne2 Nc4 28.
Rd4 Na3+ 29. bxa3 Qxc2+ 0-1

[Event "*** Titled Tuesday Blitz"]
[Site "Chess.com"]
[Date "2020.10.20"]
[Round "4"]
[White "chenxiaoyuer"]
[Black "dretch"]
[Result "0-1"]
[WhiteElo "2518"]
[BlackElo "2808"]
[TimeControl "180+1"]
[EndTime "10:41:00 PDT"]
[Termination "dretch won by resignation"]

1. e4 e6 2. d4 d5 3. Nd2 c5 4.
Ngf3 cxd4 5. Nxd4 Nf6 6. exd5 Nxd5 7. Bb5+ Bd7 8. Bxd7+ Qxd7 9. O-O Nc6 10. N2f3 Be7 11. c4 Nxd4 12. Qxd4 Nf6 13. Be3 Qxd4 14. Bxd4 O-O 15. Rad1 Rfc8 16. b3 a5 17. Bxf6 Bxf6 18. Rd7 Rab8 19. a4 Kf8 20. Rfd1 Ke8 21. R7d6 Be7 22.
R6d3 Rd8 23. Rxd8+ Bxd8 24. Nd4 Bb6 25. Nb5 Ke7 26.
Kf1 g5 27. Ke2 h5 28. Nc3 f5 29. f3 g4 30. f4 Bc7 31. Ke3 Bb6+ 32. Ke2 h4 33.
Nb5 Bc5 34. Nc3 Bd6 35. Ke3 Rd8 36. Rf1 Bc5+ 37. Ke2 Bb4 38. Nb1 Rd4 39. g3 h3 40.
Rd1 Rxd1 41. Kxd1 e5 42. fxe5 f4 43. gxf4 g3 44. hxg3 h2 0-1

[Event "*** Titled Tuesday Blitz"]
[Site "Chess.com"]
[Date "2020.10.20"]
[Round "4"]
[White "gmpeter008"]
[Black "IwkooO"]
[Result "1-0"]
[WhiteElo "2431"]
[BlackElo "2631"]
[TimeControl "180+1"]
[EndTime "10:41:02 PDT"]
[Termination "gmpeter008 won by resignation"]

1. e4 c5 2. Nc3 e6 3. Nf3 Nc6 4. d4 cxd4 5. Nxd4 a6 6. Be2 d6 7.
O-O Nf6 8. Be3 Be7 9. f4 O-O 10. a4 Qc7 11. g4 Nxd4 12. Bxd4 d5 13. exd5 Nxd5 14. Nxd5 exd5 15. c3 Bc5 16. a5 Bd7 17. Bf3 Bb5 18. Re1 Rfe8 19. Bxc5 Qxc5+ 20. Qd4 Qxd4+ 21. cxd4 Bc4 22. Kf2 Kf8 23. b3 Rxe1 24. Rxe1 Bxb3 25. Rb1 Bc4 26. Rxb7 Rd8 27. g5 g6 28. Kg3 Bb5 29. f5 gxf5 30. Kf4 Bd3 31. Bh5 Re8 32. Rxf7+ Kg8 33. Rg7+ Kxg7 34. Bxe8 h6 35.
gxh6+ Kxh6 36. Bc6 Kg6 37. Bxd5 Kf6 38. h4 Be2 39.
Bf3 Bc4 40. h5 Bf7 41. h6 Bc4 42. Bb7 Kg6 43. Bc8 Kxh6 44. Kxf5 Kg7 45. Ke5 Kf7 46.
Kd6 Ke8 47. Be6 Bb5 48. Kc7 Ke7 49. Ba2 Ke8 50. d5 Ke7 51. d6+ Ke8 52. Bc4 Bd7 53. Bxa6 Be6 54. Bb5+ 1-0

[Event "*** Titled Tuesday Blitz"]
[Site "Chess.com"]
[Date "2020.10.20"]
[Round "4"]
[White "chessknight02"]
[Black "VladimirBugayev"]
[Result "1-0"]
[WhiteElo "2176"]
[BlackElo "2330"]
[TimeControl "180+1"]
[EndTime "10:41:02 PDT"]
[Termination "chessknight02 won by resignation"]

1. d4 Nf6 2. c4 c5 3. Nf3 g6 4. Nc3 Bg7 5. e4 cxd4 6. Nxd4 d6 7. f3 O-O 8. Be3 Nc6 9. Be2 Qb6 10. Qb3 Nxd4 11. Qxb6 Nxf3+ 12. gxf3 axb6 13. Bxb6 Bd7 14. Kf2 Nh5 15. Nd5 e6 16. Nc3 Nf4 17. Be3 Nxe2 18. Kxe2 Bc6 19. Rhd1 Rfd8 20. Bd4 Bh6 21. b4 Bf4 22. b5 Be8 23. a4 Rac8 24. Kd3 d5 25. cxd5 exd5 26. Nxd5 Bxh2 27. Ne7+ Kf8 28. Nxc8 Rxc8 29.
Rac1 Rd8 30. Ke3 Bd7 31. Bf6 1-0

[Event "*** Titled Tuesday Blitz"]
[Site "Chess.com"]
[Date "2020.10.20"]
[Round "4"]
[White "Kolle05"]
[Black "PriSachu"]
[Result "0-1"]
[WhiteElo "2296"]
[BlackElo "2444"]
[TimeControl "180+1"]
[EndTime "10:41:03 PDT"]
[Termination "PriSachu won on time"]

1. e4 e5 2. Nf3 Nc6 3. Bb5 a6 4. Ba4 Nf6 5. O-O Bc5 6. Qe2 O-O 7. c3 d6 8. h3 h6 9. Rd1 b5 10. Bc2 Re8 11. d4 Bb6 12. a4 Bb7 13. d5 Ne7 14.
axb5 axb5 15. Rxa8 Qxa8 16. Qxb5 Ba6 17. Qa4 Be2 18.
Qxa8 Rxa8 19. Re1 Bxf3 20. gxf3 Ng6 21. Be3 Nh4 22. Nd2 Ra2 23. Rb1 Nh5 24. Bb3 Ra8 25.
Bd1 Nf4 26. Bxf4 exf4 27. Nc4 Ng6 28. Be2 Ne5 29. Nxe5 dxe5 30. Kf1 Kf8 31. Bb5 Ke7 32. b3 Ra2 33. Be2 Rc2 34. c4 g5 0-1

[Event "*** Titled Tuesday Blitz"]
[Site "Chess.com"]
[Date "2020.10.20"]
[Round "4"]
[White "swimmerchess"]
[Black "ViditYT"]
[Result "1/2-1/2"]
[WhiteElo "2780"]
[BlackElo "2927"]
[TimeControl "180+1"]
[EndTime "10:41:04 PDT"]
[Termination "Game drawn by repetition"]

1. e4 e5 2. Nf3 Nc6 3. Bb5 Nf6 4. O-O Nxe4 5. Re1 Nd6 6. Nxe5 Be7 7. Bf1 Nxe5 8. Rxe5 O-O 9. d4 Ne8 10. Nc3 d6 11. Re1 Bg5 12. Qf3 Bxc1 13. Raxc1 Nf6 14. Bd3 c6 15. d5 c5 16. Ne4 Nxe4 17. Qxe4 g6 18. h4 Bf5 19. Qf4 Bxd3 20. cxd3 Kg7 21. d4 b6 22. Rc3 h5 23. Rce3 Qf6 24. Qxf6+ Kxf6 25. dxc5 bxc5 26. Rf3+ Kg7 27. Re7 a5 28. Rd7 Ra6 29. Kh2 a4 30. Kh3 Rb6 31. b3 axb3 32.
axb3 Kh6 33. g3 Kg7 34. g4 hxg4+ 35. Kxg4 Rb4+ 36. Kg3 Rb6 37. Kg4 Rb4+ 38. Kg3 Rb6 39. Kg4 1/2-1/2

[Event "*** Titled Tuesday Blitz"]
[Site "Chess.com"]
[Date "2020.10.20"]
[Round "4"]
[White "xamax2000"]
[Black "KaterinaMiroshnik"]
[Result "0-1"]
[WhiteElo "2664"]
[BlackElo "2474"]
[TimeControl "180+1"]
[EndTime "10:41:04 PDT"]
[Termination "KaterinaMiroshnik won on time"]

1. d4 e6 2. e4 d5 3. Nc3 Nf6 4.
Bg5 Bb4 5. e5 h6 6. Bd2 Bxc3 7.
bxc3 Ne4 8. Bc1 Nxc3 9. Qg4 g6 10. Bd3 c5 11. dxc5 Qa5 12. Bd2 Qxc5 13. Nf3 Ne4 14.
Bxe4 Qc4 15. Bf5 exf5 16. Qxc4 dxc4 17. Nd4 Nc6 18. Nb5 Kf8 19. O-O-O Be6 20. Bc3 Rc8 21. Nd6 Rb8 22. Rd2 Kg7 23. Rhd1 b5 24. a3 a5 25. Re2 b4 26. Be1 bxa3 27. Re3 a2 28. Bc3 Rb1+ 29. Kd2 Rxd1+ 30. Kxd1 Rb8 31. Kd2 Rb1 32. Re1 Nb4 33. Ne8+ Kf8 0-1

[Event "*** Titled Tuesday Blitz"]
[Site "Chess.com"]
[Date "2020.10.20"]
[Round "4"]
[White "Shield12"]
[Black "ChainsOfFantasia"]
[Result "1-0"]
[WhiteElo "2826"]
[BlackElo "2488"]
[TimeControl "180+1"]
[EndTime "10:41:05 PDT"]
[Termination "Shield12 won by resignation"]

1. e4 e6 2. d4 d5 3. Nd2 c5 4. Ngf3 cxd4 5. exd5 Qxd5 6. Bc4 Qd7 7. O-O Nc6 8. Nb3 a6 9. Nbxd4 Nxd4 10. Nxd4 Qc7 11.
Bb3 Nf6 12. Re1 Bd6 13. Nf5 Bxh2+ 14. Kh1 O-O 15. Nxg7 Rd8 16. Qf3 Kxg7 17. Bh6+ Kg6 18. c3 Nh5 19. Be3 f5 20. g4 Nf6 21. gxf5+ exf5 22. Qg2+ Ng4 23. f3 b5 24. Bc2 Kf6 25. Bd4+ Rxd4 26. cxd4 Bb7 27. Bxf5 Nf2+ 28. Qxf2 Qf4 29. d5 Bxd5 30. Be4 Bg3 31. Qd4+ Qe5 32. Qxe5+ Kxe5 33. f4+ Bxf4 34. Bf3+ Kd6 35. Rad1 1-0

[Event "*** Titled Tuesday Blitz"]
[Site "Chess.com"]
[Date "2020.10.20"]
[Round "4"]
[White "KetiGrant"]
[Black "SchieberSpieler"]
[Result "1-0"]
[WhiteElo "2306"]
[BlackElo "2414"]
[TimeControl "180+1"]
[EndTime "10:41:05 PDT"]
[Termination "KetiGrant won by resignation"]

1. e4 e6 2. d4 d5 3. Nc3 Nf6 4. e5 Nfd7 5. f4 c5 6. Nf3 Nc6 7. Be3 cxd4 8. Nxd4 Bc5 9. Qd2 O-O 10. O-O-O a6 11. h4 Nxd4 12. Bxd4 b5 13. h5 b4 14. Na4 Bxd4 15. Qxd4 Qa5 16. b3 Bb7 17. Kb1 Bc6 18.
Nb2 Qc5 19. Qd2 a5 20. Nd3 Qd4 21. h6 g6 22. Qe1 Rab8 23. Rh4 Qb6 24. g4 Bb5 25. f5 Nc5 26. Nxc5 Qxc5 27. Bxb5 Rxb5 28.
Rh2 a4 29. Qh4 f6 30. fxg6 hxg6 31. h7+ Kh8 32. exf6 a3 33. Qh6 Rb7 34. Rf1 Rff7 35. Qd2 e5 36. g5 Rxh7 37. Rxh7+ Rxh7 38. f7 Qf8 39. Qxd5 1-0

[Event "*** Titled Tuesday Blitz"]
[Site "Chess.com"]
[Date "2020.10.20"]
[Round "4"]
[White "gilbert_gm"]
[Black "lelya96"]
[Result "0-1"]
[WhiteElo "2573"]
[BlackElo "2192"]
[TimeControl "180+1"]
[EndTime "10:41:05 PDT"]
[Termination "lelya96 won by resignation"]

1. d4 d5 2. c4 c6 3. Nc3 Nf6 4.
Nf3 dxc4 5. a4 Bf5 6. e3 e6 7.
Nd2 Bb4 8. Nxc4 O-O 9. Be2 Nbd7 10. O-O Qe7 11. Bd2 c5 12. Nb5 Bxd2 13. Qxd2 Ne4 14. Qe1 a6 15. Nc3 cxd4 16. exd4 Rac8 17. Nxe4 Bxe4 18.
a5 Qg5 19. g3 Bd5 20. Ne3 Nf6 21. Nxd5 Qxd5 22. Bf3 Qxf3 23. Ra3 Qh5 24. f3 Rfd8 25. Qf2 Nd5 26. Rb3 Qg6 27. Rxb7 Rc2 28. Qe1 Qf6 29. Qe4 Rdc8 30. Qxc2 Qxd4+ 31. Qf2 Qa4 32. Qc5 Re8 33. Re7 Rxe7 34. Qxe7 Nxe7 35. Rc1 Qd4+ 36. Kf1 Qd3+ 37.
Ke1 Qe3+ 38. Kd1 Qxf3+ 39. Ke1 Qe3+ 40. Kd1 h5 0-1

[Event "*** Titled Tuesday Blitz"]
[Site "Chess.com"]
[Date "2020.10.20"]
[Round "4"]
[White "DanielDardha2005"]
[Black "alexwinter25"]
[Result "1-0"]
[WhiteElo "2625"]
[BlackElo "2365"]
[TimeControl "180+1"]
[EndTime "10:41:06 PDT"]
[Termination "DanielDardha2005 won by checkmate"]

1. d4 Nf6 2. c4 e6 3. Nc3 d5 4. cxd5 exd5 5. Bg5 Nbd7 6. Qc2 c6 7. e3 h6 8. Bh4 Be7 9. Nf3 Nh5 10. Bxe7 Qxe7 11. O-O-O O-O 12. g4 Nhf6 13. g5 hxg5 14. Nxg5 Re8 15. Bd3 Nf8 16. Rdg1 b5 17. h4 b4 18. Na4 Ne4 19. Bxe4 dxe4 20. Nc5 Bf5 21. f3 Ne6 22. Ngxe6 Bxe6 23. fxe4 Qf6 24. Kb1 a5 25. Rf1 Qh6 26. Qf2 Bc4 27. Rc1 Be6 28. Qf4 a4 29.
Qxh6 gxh6 30. Rcf1 a3 31. b3 Kh7 32. Rf6 Kg7 33.
e5 Bg4 34. h5 Rad8 35. Rg1 Kf8 36. Rxg4 Ke7 37. Rg7 Rf8 38. Re6# 1-0

[Event "*** Titled Tuesday Blitz"]
[Site "Chess.com"]
[Date "2020.10.20"]
[Round "4"]
[White "ThePatrick27"]
[Black "googlegoom"]
[Result "1-0"]
[WhiteElo "2560"]
[BlackElo "2356"]
[TimeControl "180+1"]
[EndTime "10:41:06 PDT"]
[Termination "ThePatrick27 won by resignation"]

1. d4 d5 2. c4 c6 3. Nf3 Nf6 4. Nc3 e6 5. e3 Nbd7 6. Bd3 Bd6 7. O-O O-O 8. cxd5 exd5 9. a3 Re8 10.
b4 a6 11. Qc2 Qe7 12. Nd2 Nf8 13. Re1 Bg4 14. Rb1 Bh5 15. Nf1 Bg6 16. Bd2 Bxd3 17.
Qxd3 Ne4 18. Nxe4 dxe4 19. Qc2 Qg5 20. a4 Re6 21. b5 axb5 22. axb5 Ng6 23. bxc6 bxc6 24.
Bb4 Nh4 25. Ng3 Bxg3 26. hxg3 Nf3+ 27. Kf1 Nxe1 28. Bxe1 Rc8 29. Rc1 h5 30. Qc5 Qxc5 31. Rxc5 g6 32. Ke2 Rd6 33. f3 exf3+ 34. gxf3 Rd5 35. Rc4 Rd6 36. Bf2 Ra8 37. Rc2 Ra5 38. e4 Kg7 39. Be1 Ra3 40. Bb4 Rxf3 41. Kxf3 Rxd4 42.
Bc3 1-0

[Event "*** Titled Tuesday Blitz"]
[Site "Chess.com"]
[Date "2020.10.20"]
[Round "4"]
[White "onetowin"]
[Black "lucachess49"]
[Result "0-1"]
[WhiteElo "2109"]
[BlackElo "2380"]
[TimeControl "180+1"]
[EndTime "10:41:06 PDT"]
[Termination "lucachess49 won by resignation"]

1. d4 Nf6 2. Nf3 e6 3. g3 b6 4. Bg2 Bb7 5. O-O d6 6. c4 Nbd7 7. Nc3 g6 8. Qc2 Bg7 9. e4 O-O 10. h3 Qe7 11. Be3 e5 12. Rfe1 Rfe8 13. Rad1 exd4 14.
Nxd4 Nxe4 15. Bc1 f5 16. f3 Bxd4+ 17. Rxd4 Qf6 18. Rdxe4 fxe4 19. fxe4 Nc5 20. b4 Ne6 21. e5 Nd4 22. Nd5 Bxd5 23. Bxd5+ Kh8 24. exf6 Rxe1+ 25. Kf2 Nxc2 26. Bh6 Rg8 27. f7 Rb8 28. Bd2 Re5 29.
Bc3 Kg7 30. Bxe5+ dxe5 31. Ke2 Nd4+ 32. Kd3 c6 33. Ke4 cxd5+ 34. Kxd5 Kxf7 35. c5 Rd8+ 0-1